 Dungeon Crawl Stone Soup version 0.30-a0-371-gad7725a93e (webtiles) character file.

Game seed: 14577960035700335884

21926 gruber the Frost Mage (level 12, -4/76 HPs)
             Began as a Gargoyle Ice Elementalist on Nov 22, 2022.
             Was a Follower of Vehumet.
             Slain by a seven-headed hydra (12 damage)
             ... summoned by a vault guard
             ... on level 13 of the Dungeon.
             The game lasted 00:18:21 (12739 turns).

gruber the Frost Mage (Gargoyle Ice Elementalist)  Turns: 12739, Time: 00:18:21

Health: -4/76      AC: 23    Str: 15    XL:     12   Next: 95%
Magic:  19/24      EV: 17    Int: 21    God:    Vehumet [*.....]
Gold:   834        SH:  0    Dex: 10    Spells: 5/15 levels left

rFire   . . .      SeeInvis .    M - +11 flail of the Lamprey {spect, rC++ Will+ Str+3}
rCold   + + .      Faith    .    (no shield)
rNeg    + . .      Spirit   .    G - +0 troll leather armour
rPois   ∞          Reflect  .    (no helmet)
rElec   +          Harm     .    A - +1 cloak
rCorr   .          Rampage  .    (no gloves)
Will    +....                    (no boots)
Stlth   ++........               (no amulet)
HPRegen 1.12/turn                d - ring of magical power
MPRegen 0.19/turn                B - +4 ring of evasion

@: ice-armoured, freezing walls
A: sickness immunity, AC +8, negative energy resistance 1, electricity
resistance, torment resistance 1, petrification resistance
a: Renounce Religion


You were on level 13 of the Dungeon.
You worshipped Vehumet.
Vehumet was aware of your devotion.
You visited 2 branches of the dungeon, and saw 14 of its levels.

You collected 946 gold pieces.
You spent 112 gold pieces at shops.

Inventory:

Hand Weapons
 E - a +3 demon whip of venom
 M - the +11 flail of the Lamprey (weapon) {spect, rC++ Will+ Str+3}
   (You found it on level 13 of the Dungeon)

   When its wielder attacks, the weapon's spirit leaps out and strikes again.
   The spirit shares a part of any damage it takes with its wielder.
   Str:       It affects your strength (+3).
   rC:        It greatly protects you from cold.
   Will:      It increases your willpower.
Armour
 A - a +1 cloak (worn)
 G - a +0 troll leather armour (worn)
Jewellery
 d - a ring of magical power (left hand)
 l - a ring of positive energy
 t - a +4 ring of protection
 B - a +4 ring of evasion (right hand)
 I - a ring of flight
 L - the ring "Naqocwouxe" {rPois MP+9}
   (You found it on level 12 of the Dungeon)

   [ring of magical power]

   rPois:     It protects you from poison.
   MP:        It affects your magic capacity (+9).
Wands
 n - a wand of roots (4)
 y - a wand of digging (3)
 z - a wand of polymorph (5)
 F - a wand of paralysis (5)
 J - a wand of flame (10)
Scrolls
 a - 2 scrolls of teleportation
 c - 12 scrolls of identify {unknown}
 f - a scroll of immolation {unknown}
 h - a scroll of amnesia
 i - 2 scrolls of enchant armour
 j - a scroll of vulnerability
 o - 4 scrolls of magic mapping
 q - a scroll of fear
 w - 6 scrolls of noise
 H - a scroll of fog
Potions
 b - a potion of magic
 e - a potion of ambrosia {unknown}
 g - 2 potions of degeneration {unknown}
 k - 5 potions of heal wounds {unknown}
 m - a potion of flight {unknown}
 p - a potion of might {unknown}
 r - 2 potions of brilliance {unknown}
 s - a potion of lignification {unknown}
 u - a potion of haste {unknown}
 v - 4 potions of curing {unknown}
 x - 4 potions of resistance {unknown}
 C - a potion of invisibility {unknown}
 D - a potion of berserk rage
 K - a potion of attraction {unknown}


   Skills:
 - Level 9.2 Fighting
 - Level 10.0 Maces & Flails
 - Level 8.0 Armour
 * Level 5.1 Dodging
 - Level 2.1 Stealth
 - Level 2.0 Spellcasting
 - Level 9.3 Conjurations
 - Level 12.0 Ice Magic


You had 5 spell levels left.
You knew the following spells:

 Your Spells              Type           Power      Damage    Failure   Level
a - Freeze                Ice            100%       1d10      1%          1
b - Frozen Ramparts       Ice            100%       1d16      1%          3
d - Ozocubu's Armour      Ice            51%        N/A       1%          3
e - Hailstorm             Conj/Ice       46%        3d11      1%          3

Your spell library contained the following spells:

 Spells                   Type           Power      Damage    Failure   Level
 Magic Dart               Conj           100%       1d8       1%          1
 Momentum Strike          Conj/Tloc      42%        3d9       4%          2
 Static Discharge         Conj/Air       42%        2-4/arc   4%          2
 Dazzling Flash           Conj/Hex       42%        N/A       8%          3
 Summon Ice Beast         Ice/Summ       27%        N/A       14%         4
 Apportation              Tloc           4%         N/A       17%         1
 Necrotise                Necr           8%         1d4       17%         1
 Summon Small Mammal      Summ           8%         N/A       17%         1
 Blink                    Tloc           4%         N/A       26%         2
 Flame Wave               Conj/Fire      21%        2d8       26%         4
 Fulminant Prism          Conj/Hex       10%        3d8       26%         4
 Iskenderun's Mystic Bla  Conj/Tloc      21%        2d6       26%         4
 Sticky Flame             Conj/Fire      21%        2d4       26%         4
 Call Canine Familiar     Summ           2%         N/A       45%         3
 Inner Flame              Hex/Fire       2%         N/A       45%         3
 Kindle Blastsparks       Fire/Tloc/Air  4%         2d10      45%         3
 Lesser Beckoning         Tloc           4%         N/A       45%         3
 Summon Guardian Golem    Hex/Summ       2%         N/A       45%         3
 Vhi's Electric Charge    Tloc/Air       4%         N/A       45%         3
 Arcjolt                  Conj/Air       10%        1d20      58%         5
 Lightning Bolt           Conj/Air       10%        1d23      58%         5
 Dispel Undead            Necr           2%         3d7       86%         4
 Leda's Liquefaction      Hex/Erth       1%         N/A       86%         4
 Lee's Rapid Deconstruct  Erth           1%         3d4*      99%         5
 Starburst                Conj/Fire      10%        6d5       99%         6
 Death Channel            Necr           1%         N/A       100%        6
 Cigotuvi's Dreadful Rot  Necr/Pois/Air  Unusable   N/A       N/A         2
 Statue Form              Tmut/Erth      Unusable   N/A       N/A         6

Dungeon Overview and Level Annotations

Branches:
Dungeon (13/15)            Temple (1/1) D:5            Lair (0/5) D:10
    Orc (0/2) D:10
 Vaults: D:13-14

Altars:
Ashenzari
Cheibriados
Dithmenos
Elyvilon
Fedhas
Gozag
Hepliaklqana
Kikubaaqudgha
Makhleb
Nemelex Xobeh
Okawaru
Qazlal
Ru
Sif Muna
Trog
Uskayaw
Vehumet
Wu Jian
Xom
Yredelemnul
Zin
The Shining One
Lugonu

Shops:
D:11 *

Annotations:
D:4 3 runed translucent doors, NoAnimeNoLife's ghost, amateur DjFE


Innate Abilities, Weirdness & Mutations

You are immune to sickness and miasma.
Your stone body is resilient. (AC +8)
You are immune to poison.
You resist negative energy. (rN+)
You are resistant to electric shocks. (rElec)
You are resistant to unholy torment.
You are immune to petrification.


Message History

The wall freezes the seven-headed hydra.
The seven-headed hydra misses you.
The seven-headed hydra barely misses you. x2
The seven-headed hydra bites you! The seven-headed hydra misses you.
The seven-headed hydra bites you but does no damage.
The seven-headed hydra bites you.
The brown ugly thing is engulfed in blazing flames.
The wall freezes the brown ugly thing!
The brown ugly thing headbutts your +11 flail of the Lamprey {spect, rC++ Will+ Str+3}.
Your spectral weapon shares its damage with you!
Your +11 flail of the Lamprey {spect, rC++ Will+ Str+3} is splashed with acid.
Your spectral weapon shares its damage with you!
You hit the efreet.
You kill the efreet!
The efreet dissolves into shadows!
The wall freezes the seven-headed hydra.
The seven-headed hydra seems to slow down.
The seven-headed hydra bites you but does no damage.
The seven-headed hydra bites you.
The seven-headed hydra bites you but does no damage.
The seven-headed hydra misses you. x2
The seven-headed hydra barely misses you. x2
The wall freezes the deep elf pyromancer!
The deep elf pyromancer closely misses you.
The wall freezes the vault guard.
The vault guard hits you from afar with a +0 bardiche!
Unknown command.
You sock the deep elf pyromancer!
You kill the deep elf pyromancer!
Vehumet accepts your kill.
The wall freezes the brown ugly thing!
The wall freezes the vault guard.
The vault guard hits you from afar with a +0 bardiche!
* * * LOW HITPOINT WARNING * * *
The wall freezes the seven-headed hydra!
The seven-headed hydra bites you but does no damage.
The seven-headed hydra barely misses you.
The seven-headed hydra bites you!
* * * LOW HITPOINT WARNING * * *
The seven-headed hydra bites you!
You die...

#...# #..#
#...#
#..###
#...#
#.....
#...###..#
#........#
#........#
#...###..#
#...# #).#
#...# #@D#
#...# #u§#
#<..# #p.#
#...# #..#
#..# #...#
#..# #
#..# #...#
#..# #
#..# #...#
#..# #
#..# #...#
#..# #
#..# #...#


You could see a seven-headed hydra (summoned, slow), a vault guard and a brown
ugly thing (summoned).

Vanquished Creatures
  Gastronok (D:8)
  4 vault guards (D:13)
  Erolcha (D:13)
  A centaur warrior (D:12)
  A boulder beetle (D:12)
  Amaemon (D:8)
  2 deep elf pyromancers
  2 cyclopes (D:11)
  An orange demon (D:8)
  2 gargoyles (D:11)
  2 unseen horrors
  2 unseen horror zombies (D:9)
  A rime drake (D:10)
  Psyche (D:12)
  5 trolls
  2 hornets
  A wraith (D:11)
  A shadow (D:12)
  A wyvern (D:9)
  24 yaks
  2 basilisks
  Menkaure (D:7)
  2 acid dragons (D:12)
  3 water moccasins
  5 sky beasts
  4 orc warriors
  10 ice beasts
  A black bear (D:5)
  4 wolves (D:10)
  An ogre (D:5)
  3 centaurs
  A phantom (D:5)
  3 bullfrogs
  2 necrophages
  5 scorpions
  A water moccasin zombie (D:4)
  9 wights
  A water moccasin skeleton (D:4)
  6 killer bees
  6 howler monkeys
  3 lava snakes (D:9)
  4 centaur zombies (D:9)
  A crimson imp (D:10)
  7 hounds
  A jelly (D:5)
  A bullfrog skeleton (D:4)
  8 orc priests
  A centaur skeleton (D:4)
  2 scorpion zombies (D:4)
  4 iguanas
  Natasha (thrice) (D:2)
  19 orc wizards
  A killer bee zombie (D:9)
  A hound zombie (D:4)
  3 howler monkey zombies (D:9)
  17 gnolls
  9 adders
  A white imp (D:7)
  2 ufetubi (D:5)
  2 adder skeletons (D:4)
  2 adder zombies (D:4)
  2 worms
  4 dart slugs
  50 orcs
  6 bats
  6 endoplasms
  6 giant cockroaches
  2 goblins
  5 hobgoblins
  6 kobolds
  3 quokkas
  11 ball pythons
  3 frilled lizards
  A quokka skeleton (D:4)
  6 rats
329 creatures vanquished.

Vanquished Creatures (others)
  A withered plant (D:4)
1 creature vanquished.

Grand Total: 330 creatures vanquished

Notes
Turn   | Place    | Note
-------+----------+-------------------------------------------
     0 | D:1      | gruber the Gargoyle Ice Elementalist began the quest for
                  | the Orb.
     0 | D:1      | Reached XP level 1. HP: 10/10 MP: 3/3
   137 | D:1      | Reached XP level 2. HP: 15/15 MP: 1/5
   606 | D:1      | Reached XP level 3. HP: 11/19 MP: 6/6
   610 | D:1      | Learned a level 3 spell: Frozen Ramparts
   761 | D:1      | Reached skill level 5 in Ice Magic
  1133 | D:2      | Learned a level 1 spell: Summon Small Mammal
  1287 | D:2      | Reached XP level 4. HP: 17/24 MP: 7/7
  1716 | D:2      | Noticed Natasha
  1723 | D:2      | Killed Natasha
  1724 | D:2      | Reached skill level 6 in Ice Magic
  1724 | D:2      | Reached XP level 5. HP: 13/28 MP: 8/8
  1737 | D:2      | Noticed Natasha
  1744 | D:2      | Killed Natasha
  2020 | D:2      | Noticed Natasha
  2025 | D:2      | Killed Natasha
  2322 | D:3      | Found a blossoming altar of Fedhas.
  2387 | D:3      | Reached skill level 7 in Ice Magic
  2387 | D:3      | Reached XP level 6. HP: 29/32 MP: 9/9
  2392 | D:3      | Reached skill level 1 in Fighting
  3153 | D:4      | Found a shimmering altar of Xom.
  3182 | D:4      | Found a broken altar of Ashenzari.
  3194 | D:4      | Reached XP level 7. HP: 42/44 MP: 10/10
  3198 | D:4      | Learned a level 3 spell: Ozocubu's Armour
  3227 | D:4      | Reached skill level 5 in Fighting
  3263 | D:4      | Found a runed translucent gate.
  3265 | D:4      | Found a runed translucent gate.
  3321 | D:4      | Found a runed translucent gate.
  3321 | D:4      | Noticed NoAnimeNoLife's ghost (amateur DjFE)
  3484 | D:4      | Found an iron altar of Okawaru.
  3636 | D:5      | Entered Level 5 of the Dungeon
  3703 | D:5      | Reached XP level 8. HP: 44/53 MP: 11/11
  4234 | D:5      | Learned a level 3 spell: Hailstorm
  4248 | D:5      | Reached skill level 1 in Conjurations
  4443 | D:5      | Found a staircase to the Ecumenical Temple.
  4523 | Temple   | Entered the Ecumenical Temple
  4699 | D:6      | Reached skill level 5 in Conjurations
  4709 | D:6      | Reached XP level 9. HP: 45/60 MP: 12/12
  5434 | D:6      | Found a stormy altar of Qazlal.
  5539 | D:6      | Found a sparkling altar of Nemelex Xobeh.
  5786 | D:7      | Found a shadowy altar of Dithmenos.
  5865 | D:7      | Found an opulent altar of Gozag.
  5922 | D:7      | Noticed Menkaure
  5944 | D:7      | Killed Menkaure
  5945 | D:7      | Reached skill level 8 in Ice Magic
  6146 | D:7      | Reached XP level 10. HP: 60/65 MP: 13/13
  6398 | D:7      | Reached skill level 9 in Ice Magic
  6471 | D:8      | Reached skill level 10 in Ice Magic
  6577 | D:8      | Noticed Gastronok
  6593 | D:8      | Killed Gastronok
  6594 | D:8      | Reached skill level 11 in Ice Magic
  6613 | D:8      | Noticed Amaemon
  6615 | D:8      | Noticed an orange demon
  6697 | D:8      | Killed Amaemon
  6700 | D:8      | Killed an orange demon
  6701 | D:8      | Reached skill level 12 in Ice Magic
  6836 | D:8      | Reached skill level 1 in Maces & Flails
  6838 | D:8      | Reached XP level 11. HP: 62/69 MP: 14/14
  8040 | D:9      | Reached skill level 5 in Maces & Flails
  8232 | D:9      | Found a basalt altar of Yredelemnul.
  8352 | D:9      | Found a hide-covered altar of Uskayaw.
  8734 | D:9      | Found a glowing silver altar of Zin.
  9050 | D:9      | Noticed a deep elf pyromancer
  9060 | D:9      | Killed a deep elf pyromancer
  9411 | D:10     | Entered Level 10 of the Dungeon
  9411 | D:10     | Found a staircase to the Orcish Mines.
  9461 | D:10     | Identified the +1 spear "Eduokhlurewk" {freeze, rPois Str+3
                  | Int+4}
  9567 | D:10     | Found a staircase to the Lair.
 10272 | D:10     | Reached skill level 10 in Maces & Flails
 10272 | D:10     | Reached XP level 12. HP: 64/75 MP: 15/15
 10370 | D:10     | Found a burning altar of Makhleb.
 10371 | D:10     | Found a radiant altar of Vehumet.
 10394 | D:10     | Became a worshipper of Vehumet
 10604 | D:9      | Reached skill level 1 in Armour
 11067 | D:11     | Found Badysmif's General Store.
 11128 | D:11     | Bought a scroll of enchant weapon for 112 gold pieces
 11211 | D:11     | Reached skill level 5 in Armour
 11298 | D:11     | Identified the +1 ring mail "Qihil" {+Inv rPois Int-5 SInv}
 11364 | D:12     | Noticed a boulder beetle
 11402 | D:12     | Killed a boulder beetle
 11613 | D:12     | Noticed a centaur warrior
 11626 | D:12     | Killed a centaur warrior
 11699 | D:12     | Noticed Psyche
 11708 | D:12     | Killed Psyche
 11802 | D:12     | Reached * piety under Vehumet
 11802 | D:12     | Offered knowledge of Magic Dart by Vehumet.
 12131 | D:12     | Identified the ring "Naqocwouxe" {rPois MP+9}
 12360 | D:13     | Identified the +11 flail of the Lamprey {spect, rC++ Will+
                  | Str+3}
 12456 | D:13     | Noticed Erolcha
 12473 | D:13     | Noticed a vault guard
 12480 | D:13     | Killed a vault guard
 12480 | D:13     | Noticed a vault guard
 12515 | D:13     | Killed a vault guard
 12529 | D:13     | Killed Erolcha
 12667 | D:13     | Noticed a vault guard
 12671 | D:13     | Noticed a vault guard
 12676 | D:13     | Killed a vault guard
 12681 | D:13     | Killed a vault guard
 12682 | D:13     | Reached skill level 5 in Dodging
 12684 | D:13     | Noticed a vault guard
 12730 | D:13     | Noticed a vault guard
 12735 | D:13     | Noticed a seven-headed hydra
 12739 | D:13     | Slain by a seven-headed hydra

Illustrated notes

Levels and vault maps discovered:
D:1:      lemuel_arrival_cross, layout_basic
D:2:      layout_loops_corners, minmay_misc_feat_alley, uniq_natasha
D:3:      layout_rooms, mainiacjoe_overflow_alcove_1
D:4:      layout_rooms, brannock_xom_greatest_gift, okawaru_metal_pillars_1_2,
          ashenzari_altar_1, serial_undead, serial_undead_e, serial_undead_b,
          serial_undead_c, serial_undead_a, serial_undead_d, serial_undead_e,
          ebering_ghost_rock_garden, minmay_misc_feat_tiny
D:5:      minmay_bubble_buster, layout_cave_pools,
          minmay_temple_entry_enclosed_plants, minmay_misc_feat_rows
D:6:      layout_loops_ring, lemuel_crystal_altar, nemelex_diamond_rough_becter
D:7:      layout_loops_ring, grunt_dithmenos_smoke,
          nicolae_gozag_cash_rules_everything_around_me, uniq_menkaure
D:8:      layout_loops_cross, uniq_gastronok, uniq_amaemon
D:9:      layout_stronghold, mainiacjoe_overflow_catch_the_wave,
          nicolae_yredelemnul_corpse_copse, kennysheep_island_fort
D:10:     layout_rooms, grunt_temple_overflow_lords_of_destruction,
          hellmonk_lair_entry_icy, orc_0_dummy
D:11:     layout_roguey, serial_shops, nicolae_shop_statue_plus
D:12:     layout_loops_ring, drop_trap, columned_hall_lemuel, uniq_psyche
D:13:     layout_long_grid, erik_vaults_2, minmay_the_grid_square_5x5_3x3_mashed
          [minmay_the_grid_square_5x5_shrine2,
          minmay_the_grid_square_5x5_spiral, minmay_the_grid_square_5x5_v,
          minmay_the_grid_square_5x5_shrine1,
          minmay_the_grid_square_5x5_megaprize_diamond,
          minmay_the_grid_square_5x5_trominoes,
          minmay_the_grid_square_5x5_inner_i,
          minmay_the_grid_square_5x5_three_small,
          minmay_the_grid_square_5x5_checkered_sparse], uniq_erolcha
Temple:   kb_corrupted_temple

Skill      XL: |  1  2  3  4  5  6  7  8  9 10 11 12 |
---------------+-------------------------------------+-----
Ice Magic      | 5 6 7 8 12 | 12.0
Fighting       | 4 7 8 9 |  9.2
Conjurations   | 5 9 |  9.3
Maces & Flails | 2 10 | 10.0
Armour         | 8 |  8.0
Dodging        | 5 |  5.1
Stealth        | |  2.1
Spellcasting   | |  2.0

Action                   |  1- 3 |  4- 6 |  7- 9 | 10-12 || total
-------------------------+-------+-------+-------+-------++-------
Melee: Unarmed           |    42 |     4 |       |       ||    46
       Trident           |       |    45 |   256 |    61 ||   362
       Punch             |       |     1 |       |    12 ||    13
       Rapier            |       |     1 |       |       ||     1
       Demon whip        |       |       |       |   486 ||   486
       Flail             |       |       |       |    37 ||    37
 Cast: Freeze            |    47 |    41 |    18 |     5 ||   111
       Frozen Ramparts   |     1 |     9 |    24 |    37 ||    71
       Ozocubu's Armour  |       |       |    11 |    31 ||    42
       Summon Small Mamm |       |       |     2 |       ||     2
       Hailstorm         |       |       |     6 |    16 ||    22
  Use: Scroll            |       |       |       |    11 ||    11
       Potion            |       |       |       |     1 ||     1
 Stab: Sleeping          |       |       |       |     2 ||     2
Armor: Robe              |    26 |    35 |   176 |   173 ||   410
       Troll leather arm |       |       |       |    67 ||    67
Dodge: Dodged            |    56 |    66 |   188 |   374 ||   684

Table legend: (Time is in decaauts)
 A = Elapsed time spent in this place.
 B = Non-inter-level travel time spent in this place.
 C = Inter-level travel time spent in this place.
 D = Time resting spent in this place.
 E = Time spent auto-exploring this place.
 F = Levels seen in this place.
 G = Mean time per level.
                   A        B        C        D        E       F      G
               +--------+--------+--------+--------+--------+-----+--------+
         Total |  12747 |  12307 |    440 |    376 |   9533 |  14 |  910.5 |
       Dungeon |  12638 |  12217 |    421 |    376 |   9462 |  13 |  972.2 |
        Temple |    108 |     89 |     19 |      0 |     71 |   1 |  108.0 |
               +--------+--------+--------+--------+--------+-----+--------+

Top non-repeatable levels by time:
     D:9: 2060 daAuts
     D:2: 1188 daAuts
     D:1: 1129 daAuts
     D:6: 1052 daAuts
    D:12: 1006 daAuts
     D:7: 985 daAuts
     D:8: 944 daAuts
    D:10: 927 daAuts
     D:5: 920 daAuts
    D:11: 726 daAuts
     D:4: 694 daAuts
     D:3: 654 daAuts
    D:13: 348 daAuts
  Temple: 108 daAuts
